 Dungeon Crawl Stone Soup version 0.27.1-4-g1640c2035a (webtiles) character file.

Game seed: 11056804272025682597

383 MisterFreud the Skirmisher (level 6, -4/60 HPs)
             Began as a Minotaur Abyssal Knight on Nov 10, 2021.
             Was a Believer of Lugonu.
             Slain by an ogre (33 damage)
             ... on level 3 of the Dungeon.
             The game lasted 00:02:58 (2749 turns).

MisterFreud the Skirmisher (MiAK)                   Turns: 2749, Time: 00:02:59

Health: -4/60      AC:  4    Str: 17    XL:     6   Next: 47%
Magic:  6/6        EV: 15    Int: 10    God:    Lugonu [**....]
Gold:   113        SH:  0    Dex: 10    Spells: 5/5 levels left

rFire    . . .     SeeInvis .   j - +4 quarterstaff (chaos)
rCold    . . .     Faith    .   (shield currently unavailable)
rNeg     + . .     Spirit   .   b - +0 leather armour
rPois    .         Reflect  .   (helmet restricted)
rElec    .         Harm     .   k - +0 cloak
rCorr    .         Rampage  .   (no gloves)
Will     .....                  (no boots)
Stlth    +.........             (no amulet)
HPRegen  0.20/turn              g - +4 ring of evasion
MPRegen  0.10/turn              i - ring of positive energy

@: no status effects
A: horns 2, retaliatory headbutt
a: Renounce Religion, Depart the Abyss, Bend Space


You were on level 3 of the Dungeon.
You worshipped Lugonu.
Lugonu was pleased with you.
You visited 1 branch of the dungeon, and saw 4 of its levels.
You visited the Abyss 1 time.

You collected 141 gold pieces.
You spent 28 gold pieces at shops.

Inventory:

Hand Weapons
 a - a +1 falchion
 j - a +4 quarterstaff of chaos (weapon)
Missiles
 d - 20 poisoned darts (quivered)
Armour
 b - a +0 leather armour (worn)
 k - a +0 cloak (worn)
Jewellery
 g - a +4 ring of evasion (left hand)
 i - a ring of positive energy (right hand)
Scrolls
 f - 2 scrolls of fog
 l - a scroll of holy word {unknown}
 m - a scroll of vulnerability {unknown}
 n - a scroll of identify {unknown}
 o - a scroll of noise {unknown}
 p - 2 scrolls of amnesia {unknown}
 r - a scroll of enchant weapon {unknown}
Potions
 c - a potion of curing {unknown}
 e - a potion of mutation {unknown}
 h - a potion of haste {unknown}
 q - a potion of heal wounds {unknown}
 s - a potion of flight {unknown}


   Skills:
 + Level 7.4 Fighting
 - Level 2.4 Long Blades
 * Level 4.5 Staves
 - Level 2.4 Armour
 - Level 1.1 Dodging
 - Level 1.7 Invocations


You had 5 spell levels left.
You didn't know any spells.
Your spell library was empty.

Dungeon Overview and Level Annotations

Branches:
Dungeon (4/15)
 Temple: D:4-7

Altars:

Shops:
D:2 ?


Innate Abilities, Weirdness & Mutations

You have a pair of horns on your head.
You reflexively headbutt those who attack you in melee.


Message History

The endoplasm quivers.
You sock the ball python!
You kill the ball python!
Lugonu accepts your kill.
There is a stone staircase leading up here.
Non-targeted abil: Depart the Abyss
Press: ? - help, Q - select action, (/) - cycle Dir - look around, f - activate
Okay, then.
Unknown command.
Throw: 21 darts (poison)
Press: ? - help, Q - select action, (/) - cycle Shift-Dir - straight line, f - ogre
Aim: an ogre, wielding a +0 giant spiked club (74% to hit)
You throw a poisoned dart. The poisoned dart hits the ogre.
The ogre is poisoned.
An orc priest comes into view. It is wielding a +0 club.
The orc priest shouts!
The ogre hits you with a +0 giant spiked club!
You climb upwards.
There is a stone staircase leading down here.
You barely miss the ogre.
The ogre is lightly wounded.
You hit the ogre.
The ogre is moderately wounded.
The ogre barely misses you.
You hit the ogre. You freeze the ogre.
The ogre is heavily wounded.
The ogre hits you with a +0 giant spiked club.
You barely miss the ogre. You headbutt the ogre.
The ogre is heavily wounded.
The ogre completely misses you.
You hit the ogre but do no damage.
The ogre seems to speed up.
The ogre is heavily wounded.
The ogre hits you with a +0 giant spiked club!
You hit the ogre. You burn the ogre.
You headbutt the ogre, but do no damage.
The ogre is severely wounded.
The ogre looks more healthy.
The ogre hits you with a +0 giant spiked club!!
Ouch! That really hurt!
You die...

######.######......#.......#
#......# ##.....#.......#
#.#############......(.....#
#.#####...................##
........########...##.....##
[...##### #...#.......#
###...# #...#.......# #
###.## #O..#.......# #..###
#@..##.....## ##...###
#...###...## #
###...#####...# ##### ##
###......)..#
.########......#...#
..........####.#...#
....####### #.#<..#
.##.....# #...#.# )######.#
#####.##


You could see an ogre (fast).

Vanquished Creatures
  Grinder (D:3)
  Crazy Yiuf (D:2)
  4 gnolls
  5 adders (D:2)
  A dart slug (D:3)
  7 ball pythons
  7 bats
  6 endoplasms
  3 giant cockroaches
  5 goblins
  6 hobgoblins
  6 jackals
  4 kobolds
  2 quokkas
  2 frilled lizards (D:2)
  7 rats
67 creatures vanquished.

Notes
Turn   | Place    | Note
-------+----------+-------------------------------------------
     0 | Abyss:1  | MisterFreud the Minotaur Abyssal Knight began the quest for
                  | the Orb.
     0 | Abyss:1  | Reached XP level 1. HP: 19/19 MP: 1/1
    29 | Abyss:1  | Noticed a raiju
    30 | D:1      | Escaped the Abyss
    63 | D:1      | Reached * piety under Lugonu
   140 | D:1      | Reached skill level 4 in Fighting
   148 | D:1      | Reached XP level 2. HP: 26/28 MP: 2/2
   506 | D:1      | Reached skill level 5 in Fighting
   547 | D:1      | Reached XP level 3. HP: 36/36 MP: 3/3
  1195 | D:2      | Reached XP level 4. HP: 40/44 MP: 4/4
  1220 | D:2      | Found Suheqir's Magic Scroll Boutique.
  1226 | D:2      | Found a faded altar of an unknown god.
  1230 | D:2      | Bought a scroll of fog for 28 gold pieces
  1259 | D:2      | Reached skill level 6 in Fighting
  1354 | D:2      | Found a runed translucent door.
  1355 | D:2      | Noticed Crazy Yiuf
  1361 | D:2      | Killed Crazy Yiuf
  1880 | D:2      | Reached skill level 1 in Staves
  1963 | D:2      | Reached XP level 5. HP: 45/51 MP: 5/5
  2100 | D:3      | Reached ** piety under Lugonu
  2190 | D:3      | Noticed Grinder
  2202 | D:3      | Paralysed by Grinder for 4 turns
  2209 | D:3      | Paralysed by Grinder for 2 turns
  2212 | D:3      | Paralysed by Grinder for 2 turns
  2215 | D:3      | Killed Grinder
  2216 | D:3      | Reached skill level 7 in Fighting
  2216 | D:3      | Reached XP level 6. HP: 30/60 MP: 6/6
  2749 | D:3      | Slain by an ogre

Illustrated notes

Levels and vault maps discovered:
D:1:      minmay_arrival_loop, layout_loops_ring
D:2:      layout_rooms, ebering_ecumenical_altar_ruins, serial_shops,
          nicolae_shop_crystal, uniq_crazy_yiuf_cottage
D:3:      layout_rooms, uniq_grinder
D:4:      cheibrodos_old_hovel, layout_rooms

Skill      XL: |  1  2  3  4  5 |
---------------+----------------+-----
Fighting       | 4 5 6 7 |  7.4
Staves         | 1 4 |  4.5
Long Blades    | |  2.4
Armour         | |  2.4
Dodging        | |  1.1
Invocations    | |  1.7

Action                   |  1- 3 |  4- 6 || total
-------------------------+-------+-------++-------
Melee: Falchion          |    68 |     7 ||    75
       Headbutt          |     9 |     9 ||    18
       Quarterstaff      |       |    56 ||    56
Throw: Dart              |       |     2 ||     2
Invok: Depart the Abyss  |     1 |       ||     1
 Stab: Sleeping          |       |     1 ||     1
Armor: Leather armour    |    28 |     5 ||    33
Dodge: Dodged            |    49 |    52 ||   101
       Rpst.: Falchion   |    14 |     2 ||    16
